 Dungeon Crawl Stone Soup version 0.20-a0-16-g0876c8e (webtiles) character file.

18995 KristoblXynda the Cleaver (level 12, -12/105 HPs)
             Began as a Deep Dwarf Fighter on Nov 4, 2016.
             Was an Elder of Makhleb.
             Mangled by a tyrant leech (17 damage)
             ... on level 4 of the Lair of Beasts.
             The game lasted 00:33:53 (11223 turns).

KristoblXynda the Cleaver (Deep Dwarf Fighter)     Turns: 11223, Time: 00:33:54

Health: -12/105    AC: 27    Str: 29    XL:     12   Next: 32%
Magic:  15/15      EV: 12    Int: 15    God:    Makhleb [****..]
Gold:   480        SH: 14    Dex: 17    Spells: 0 memorised, 11 levels left

rFire  + . .     SeeInvis .     F - +0 broad axe
rCold  . . .     Gourm    .     l - +5 plate armour {rF+}
rNeg   . . .     Faith    .     c - +0 shield
rPois  .         Spirit   .     (no helmet)
rElec  +         Reflect  .     i - +0 cloak
rCorr  .         Harm     .     v - +0 pair of gloves "Leucaom" {+Fly Stlth+} (curse)
MR     +....     Clarity  +     u - +0 pair of boots
Stlth  ..........               (no amulet)
                                w - +2 ring of strength
                                p - +3 ring of intelligence

@: mighty, agile, non-regenerating
A: damage resistance, recharge devices, yellow scales 1, blurry vision 1,
clarity, sense surroundings 2, robust 1, electricity resistance, slow
regeneration 3
a: Device Recharging, Minor Destruction, Lesser Servant of Makhleb, Major
Destruction, Renounce Religion, Evoke Flight


You were on level 4 of the Lair of Beasts.
You worshipped Makhleb.
Makhleb was greatly pleased with you.
You were not hungry.

You visited 3 branches of the dungeon, and saw 16 of its levels.

You collected 1122 gold pieces.
You spent 642 gold pieces at shops.

Inventory:

Hand Weapons
 F - a +0 broad axe (weapon)
Missiles
 x - a throwing net (quivered)
Armour
 c - a +0 shield (worn)
 i - a +0 cloak (worn)
 l - a +5 plate armour of fire resistance (worn)
 u - a +0 pair of boots (worn)
 v - the cursed +0 pair of gloves "Leucaom" (worn) {+Fly Stlth+}
   (You bought it in a shop on level 10 of the Dungeon)

   It lets you fly.
   It makes you more stealthy.
   It has a curse placed upon it.
Jewellery
 p - a +3 ring of intelligence (left hand)
 t - an uncursed ring of protection from cold
 w - a +2 ring of strength (right hand)
Wands
 e - a wand of heal wounds (9/9)
 h - a wand of confusion (9/48)
 j - a wand of iceblast (6/15)
Scrolls
 g - 3 scrolls of amnesia
 o - a scroll of teleportation
 q - 6 scrolls of remove curse
 y - 2 scrolls of recharging
 A - a scroll of magic mapping
 B - 2 scrolls of identify
Potions
 b - 2 potions of brilliance
 d - a potion of agility
 n - a potion of cancellation
 r - a potion of flight
 z - 2 potions of curing
Books
 m - a book of Cantrips

   Spells                             Type                      Level
   a - Confusing Touch                Hexes                        1
   b - Animate Skeleton               Necromancy                   1
   c - Summon Small Mammal            Summoning                    1
   d - Apportation                    Translocation                1
Comestibles
 a - 11 royal jellies
 f - 11 bread rations
 k - 3 meat rations
 s - 11 fruits
 C - 3 slices of pizza


   Skills:
 - Level 2.6 Fighting
 + Level 14.1 Axes
 + Level 12.1 Armour
 + Level 12.0 Shields
 + Level 4.6 Invocations


You had 11 spell levels left.
You didn't know any spells.

Dungeon Overview and Level Annotations

Branches:
Dungeon (11/15)            Temple (1/1) D:5            Lair (4/6) D:10
  Swamp (0/4) Lair:4        Snake (0/4) Lair:4
    Orc: D:9-12

Altars:
Ashenzari
Cheibriados
Dithmenos
Elyvilon
Hepliaklqana
Kikubaaqudgha
Makhleb
Qazlal
Ru
Sif Muna
Trog
Vehumet
Xom
Zin
The Shining One

Shops:
D:5 *   D:10 [

Annotations:
D:9 Gastronok


Innate Abilities, Weirdness & Mutations

You are resistant to damage.
You can recharge devices by infusing magical energy.
You passively map the area around you.
You do not regenerate.
You are partially covered in yellow scales. (AC +2)
Scrolls take you a little longer to read.
You possess an exceptional clarity of mind.
You are robust. (+10% HP)
You are resistant to electric shocks. (rElec)


Message History

The tyrant leech bites you!
The tyrant leech draws strength from your injuries!
You feel very mighty all of a sudden. The tyrant leech bites you!
* * * LOW HITPOINT WARNING * * *
The tyrant leech draws strength from your injuries!
The tyrant leech barely misses you.
You hit the tyrant leech.
The tyrant leech is moderately wounded.
You slash the tyrant leech! You block the tyrant leech's attack.
The tyrant leech barely misses you.
You slash the tyrant leech!
The tyrant leech is moderately wounded.
You miss the tyrant leech. The tyrant leech bites you!!
* * * LOW HITPOINT WARNING * * *
The tyrant leech draws strength from your injuries!
You closely miss the tyrant leech.
The tyrant leech is moderately wounded.
You miss the tyrant leech. The tyrant leech bites you!!
You die...

#..##......#...
#..#...#####..#
#...###.###..#.
##...........#.
#.........##..
♣♣♣♣......#...
♣♣§≈♣♣....##..#
#♣♣§§§§§♣........#
#@ww§>§§♣....#>.⌠#
#w♣♣§§§♣♣...##....
#.♣ ≈♣♣.#.###..#
#.#♣♣♣♣ + , *#...
#..#♣.## , #...
#.....P# *###.
#.#P#..# * #.#.
#####.#### ##..#
##..#.#####P...


You could see 3 tyrant leeches.

Vanquished Creatures
  Pikel (D:9)
  A hill giant (D:10)
  The ghost of Charly the Conjurer, a novice OpFE of Sif Muna (D:8)
  Maurice (D:10)
  Joseph (Lair:1)
  4 spiny frogs
  A rime drake (Lair:2)
  6 komodo dragons
  A queen bee (D:10)
  The ghost of Zorot the Skirmisher, an amateur DsGl (D:5)
  8 blink frogs
  Prince Ribbit (D:5)
  4 hippogriffs
  6 dream sheep (Lair:4)
  11 yaks
  4 hogs (D:7)
  A human (D:7)
  2 hungry ghosts
  Eustachio (D:5)
  2 nagas (Lair:4)
  9 water moccasins
  7 porcupines
  2 orc warriors
  A slave (D:9)
  An ice beast (D:10)
  4 sky beasts
  2 phantoms
  A necrophage (D:5)
  3 wolves
  3 ogres
  3 centaurs
  4 crocodiles
  A big kobold (D:8)
  14 bullfrogs
  A wyvern skeleton (D:7)
  3 scorpions
  25 killer bees
  2 electric eels
  2 crimson imps
  2 jellies
  2 bullfrog zombies
  5 orc wizards
  Crazy Yiuf (D:3)
  6 hounds
  2 orc priests
  4 centaur skeletons
  Ijyb (D:3)
  5 worker ants
  A hound skeleton (D:5)
  A worker ant zombie (D:9)
  8 adders
  A shadow imp (D:8)
  4 oozes
  2 adder skeletons
  A dart slug (D:2)
  9 leopard geckos
  14 orcs
  6 bats
  6 giant cockroaches
  5 hobgoblins
  6 jackals
  2 kobolds
  10 quokkas
  2 ball pythons
  8 frilled lizards
  9 goblins
  A jackal skeleton (D:6)
  A leopard gecko skeleton (D:4)
  A leopard gecko zombie (D:5)
  A quokka zombie (D:6)
  3 rats
  3 fungi
  5 plants
284 creatures vanquished.

Vanquished Creatures (collateral kills)
  The ghost of kae the Fencer, a novice HEGl of Dithmenos (D:9)
  2 killer bees (D:10)
  An iguana (D:9)
4 creatures vanquished.

Vanquished Creatures (others)
  An orc wizard (D:8)
  A plant (Lair:2)
2 creatures vanquished.

Grand Total: 290 creatures vanquished

Notes
Turn   | Place    | Note
-------+----------+-------------------------------------------
     0 | D:1      | KristoblXynda the Deep Dwarf Fighter began the quest for the Orb.
     0 | D:1      | Reached XP level 1. HP: 20/20 MP: 1/1
   109 | D:1      | Reached XP level 2. HP: 24/27 MP: 2/2
   715 | D:2      | Found a sacrificial altar of Ru.
   724 | D:2      | Reached XP level 3. HP: 23/33 MP: 3/3
   729 | D:2      | Reached skill level 3 in Axes
   848 | D:2      | Reached XP level 4. HP: 26/40 MP: 4/4
  1030 | D:2      | Reached skill level 4 in Axes
  1400 | D:3      | Found a stormy altar of Qazlal.
  1561 | D:3      | Noticed Ijyb
  1573 | D:3      | Killed Ijyb
  1573 | D:3      | Reached XP level 5. HP: 9/46 MP: 5/5
  1701 | D:3      | Found a runed door.
  1705 | D:3      | Noticed Crazy Yiuf
  1730 | D:3      | Killed Crazy Yiuf
  2217 | D:4      | Found a glowing silver altar of Zin.
  2218 | D:4      | Noticed an angel
  2297 | D:4      | Reached skill level 5 in Axes
  2300 | D:4      | Reached XP level 6. HP: 14/55 MP: 6/6
  2332 | D:4      | Found an ancient bone altar of Kikubaaqudgha.
  2334 | D:4      | Found a deep blue altar of Sif Muna.
  2424 | D:4      | Found a snail-covered altar of Cheibriados.
  2427 | D:4      | Found a hazy altar of Hepliaklqana.
  2488 | D:4      | Reached skill level 5 in Armour
  2696 | D:5      | Entered Level 5 of the Dungeon
  2717 | D:5      | Found a shadowy altar of Dithmenos.
  2752 | D:5      | Reached skill level 5 in Shields
  2861 | D:5      | Noticed Prince Ribbit
  2863 | D:5      | Gained mutation: You possess an exceptional clarity of mind. [potion of mutation]
  2863 | D:5      | Gained mutation: You are resistant to electric shocks. (rElec) [potion of mutation]
  2885 | D:5      | Killed Prince Ribbit
  2885 | D:5      | Reached skill level 6 in Axes
  2885 | D:5      | Reached XP level 7. HP: 28/61 MP: 7/7
  2891 | D:5      | Found a staircase to the Ecumenical Temple.
  2903 | Temple   | Entered the Ecumenical Temple
  2912 | Temple   | Became a worshipper of Makhleb the Destroyer
  3016 | D:5      | Noticed Zorot's ghost (amateur DsGl)
  3039 | D:5      | Killed Zorot's ghost
  3039 | D:5      | Reached skill level 7 in Axes
  3104 | D:5      | Noticed Eustachio
  3164 | D:5      | Killed Eustachio
  3164 | D:5      | Reached XP level 8. HP: 43/68 MP: 8/8
  3276 | D:5      | Found Innosed's General Store.
  3675 | D:5      | Found a bloodstained altar of Trog.
  3870 | D:6      | Reached skill level 8 in Axes
  3961 | D:6      | Reached * piety under Makhleb
  4459 | D:7      | Reached skill level 9 in Axes
  4620 | D:7      | Gained mutation: You passively map the area around you. [Deep Dwarf growth]
  4620 | D:7      | Reached XP level 9. HP: 26/74 MP: 9/9
  4847 | D:7      | Reached skill level 10 in Axes
  5102 | D:8      | Found a radiant altar of Vehumet.
  5409 | D:8      | Reached ** piety under Makhleb
  5426 | D:8      | Reached skill level 11 in Axes
  5480 | D:8      | Reached XP level 10. HP: 42/81 MP: 10/10
  5741 | D:8      | Noticed Charly's ghost (novice OpFE)
  5759 | D:8      | Killed Charly's ghost
  5963 | D:9      | Noticed Pikel
  5998 | D:9      | Killed Pikel
  6083 | D:9      | Found a burning altar of Makhleb.
  6120 | D:9      | Noticed kae's ghost (novice HEGl)
  6134 | D:9      | Killed kae's ghost
  6134 | D:9      | Reached skill level 12 in Axes
  6178 | D:9      | Noticed Gastronok
  6513 | D:10     | Entered Level 10 of the Dungeon
  6658 | D:10     | Found a staircase to the Lair.
  7026 | D:10     | Noticed a hill giant
  7035 | D:10     | Killed a hill giant
  7042 | D:10     | Found Itakye's Armour Shop.
  7050 | D:10     | Bought the cursed +0 pair of gloves "Leucaom" {+Fly Stlth+} for 147 gold pieces
  7140 | D:10     | Reached skill level 10 in Shields
  7172 | D:10     | Reached skill level 10 in Armour
  7267 | D:10     | Reached *** piety under Makhleb
  7281 | D:10     | Reached XP level 11. HP: 27/88 MP: 11/11
  7445 | D:10     | Noticed Maurice
  7718 | D:10     | Killed Maurice
  7877 | D:11     | Noticed a green ugly thing
  7879 | D:11     | Noticed a hill giant
  7926 | Lair:1   | Entered Level 1 of the Lair of Beasts
  8016 | Lair:1   | Noticed Joseph
  8030 | Lair:1   | Killed Joseph
  8413 | Lair:1   | Reached skill level 13 in Axes
  9035 | D:10     | Bought a +3 plate armour of fire resistance for 495 gold pieces
  9115 | Lair:2   | Reached **** piety under Makhleb
 10102 | Lair:3   | Gained mutation: Scrolls take you a little longer to read. [potion of mutation]
 10102 | Lair:3   | Gained mutation: You are partially covered in yellow scales. (AC +2) [potion of mutation]
 10103 | Lair:3   | Gained mutation: You are robust. (+10% HP) [potion of mutation]
 10174 | Lair:3   | Reached skill level 1 in Invocations
 10360 | Lair:3   | Reached XP level 12. HP: 46/105 MP: 13/13
 10824 | Lair:4   | Reached skill level 14 in Axes
 10908 | Lair:4   | Found a staircase to the Snake Pit.
 11205 | Lair:4   | Found a staircase to the Swamp.
 11222 | Lair:4   | HP: 5/105 [tyrant leech (20)]
 11223 | Lair:4   | Mangled by a tyrant leech

Vault maps used:
D:1:      dpeg_arrival_court
D:2:      nicolae_ru_great_annihilating_truth, minmay_lizard_king
D:3:      grunt_qazlal_clouds, uniq_crazy_yiuf_cottage, uniq_iyjb
D:4:      zin_angel, nicolae_overflow_hidden_temple, bh_walls_and_bars
D:5:      overflow_temple_1_default, serial_shops, shop_fountains, first_bread,
          roderic_serpentine_path, grunt_dithmenos_smoke_and_mirrors,
          uniq_eustachio, uniq_prince_ribbit1
D:7:      grunt_livestock, corexii_item_surrounded_by_moat
D:8:      cheibrodos_helix_gallery, vehumet_crystals
D:9:      statuecave_lemuel, makhleb_heckhound_becter, uniq_pikel,
          uniq_gastronok
D:10:     dpeg_oklobed_lair, special_room, serial_shops,
          nicolae_shop_competitors_out_of_business, uniq_maurice
D:11:     hangedman_cross_cluster, corexii_hall_statues_l, serial_bayou_pond_d
Temple:   dshaligram_water_room_temple
Lair:1:   beast_lair_carwin_1, uniq_joseph
Lair:2:   fungi_pond_lemuel, lemuel_fruit_fields, grunt_megastairs_3,
          infiniplex_staircase_pool
Lair:3:   minmay_holes
Lair:4:   minmay_swamp_entry_worms, minmay_snake_entry_guardpost_small,
          minivault_25, grunt_megastairs_5

Skill      XL: |  1  2  3  4  5  6  7  8  9 10 11 12 |
---------------+-------------------------------------+-----
Axes           | 3 4 5 6 7 9 11 12 13 14 | 14.1
Armour         | 4 5 6 7 8 10 11 12 | 12.1
Shields        | 4 5 6 7 8 10 11 12 | 12.0
Invocations    | 2 4 |  4.6
Fighting       | |  2.6

Action                   |  1- 3 |  4- 6 |  7- 9 | 10-12 || total
-------------------------+-------+-------+-------+-------++-------
Melee: War axe           |    79 |   248 |   496 |   155 ||   978
       Broad axe         |       |       |       |   782 ||   782
Evoke: Wand              |       |     4 |     9 |     6 ||    19
  Use: Scroll            |       |    11 |    11 |    12 ||    34
       Potion            |       |     3 |     3 |    15 ||    21
 Stab: Paralysed         |     1 |       |       |       ||     1
       Invisible         |       |       |       |     6 ||     6
       Distracted        |       |       |       |     1 ||     1
  Eat: Chunk             |       |     3 |     4 |     8 ||    15
       Fruit             |       |     1 |       |     2 ||     3
       Royal jelly       |       |     1 |       |       ||     1
       Beef jerky        |       |     1 |       |     3 ||     4
       Meat ration       |       |       |     2 |     1 ||     3
       Pizza             |       |       |       |     4 ||     4
Armor: Scale mail        |    52 |    76 |       |       ||   128
       Chain mail        |       |    20 |   272 |     3 ||   295
       Plate armour      |       |       |       |   423 ||   423
       Skin              |       |       |       |    24 ||    24
Dodge: Dodged            |    28 |    77 |   110 |   201 ||   416
Block: Shield            |    48 |   124 |   283 |   534 ||   989
